 Dungeon Crawl Stone Soup version 0.17-a0-1337-ge651487 (webtiles) character file.

3021 Raurakos the Martial Artist (level 9, -5/41 HPs)
             Began as a Vine Stalker Transmuter on June 10, 2015.
             Was an Initiate of Makhleb.
             Slain by an orc warrior
             ... wielding a cursed -1 mace
              (16 damage)
             ... on level 8 of the Dungeon.
             The game lasted 00:32:02 (6715 turns).

Raurakos the Martial Artist (VSTm)                  Turns: 6715, Time: 00:32:07

Health: -5/41      AC:  2    Str: 13    XL:     9   Next: 85%
Magic:  0/13       EV: 25    Int: 13    God:    Makhleb [......]
Gold:   107        SH:  0    Dex: 23    Spells: 3 memorised, 2 levels left

rFire  . . .     SeeInvis .       - Unarmed
rCold  . . .     Clarity  .     (armour currently unavailable)
rNeg   . . .     SustAt   .     (shield currently unavailable)
rPois  x         Gourm    .     (helmet currently unavailable)
rElec  .         Spirit   +     (cloak currently unavailable)
rCorr  .         Warding  .     (gloves currently unavailable)
rMut   .         Stasis   .     (boots currently unavailable)
MR     +....                    n - amulet of rage
Stlth  ++........               (no ring)
                                (no ring)

@: spider-form, somewhat resistant to hostile enchantments, unstealthy
A: (fangs 0), regeneration 2, magic shield, (antimagic bite), no device heal 3,
rot immunity
a: End Transformation, Renounce Religion, Evoke Berserk Rage


You were on level 8 of the Dungeon.
You worshipped Makhleb.
Makhleb was noncommittal.
You were full.
You were a venomous arachnid creature.
You visited 2 branches of the dungeon, and saw 9 of its levels.

You collected 331 gold pieces.
You spent 224 gold pieces at shops.

Inventory:

Hand weapons
 I - a +0 blowgun
Missiles
 b - 41 stones (quivered)
 i - 15 poisoned needles
Armour
 o - a +2 leather armour of cold resistance (melded)
 q - a +0 chain mail
 r - a +0 buckler
 w - a +2 pair of boots (melded)
 B - a +0 pair of gloves (melded)
 E - a cursed +0 cloak (melded)
Jewellery
 k - an uncursed amulet of the gourmand
 n - an amulet of rage (around neck)
 H - an uncursed ring of ice
Magical devices
 p - a wand of digging (0)
 A - a wand of magic darts (21)
Scrolls
 a - 3 scrolls of fear
 f - 3 scrolls of remove curse
 h - 4 scrolls of recharging
 j - a scroll of enchant weapon
 m - 3 scrolls of teleportation
 t - 2 scrolls of amnesia
 u - 2 scrolls of fog
 x - 2 scrolls of enchant armour
 y - 2 scrolls of magic mapping {unknown}
Potions
 e - 3 potions of magic
 l - 2 potions of haste
 D - a potion of agility
 F - a potion of curing
 G - 2 potions of berserk rage
 J - 2 potions of lignification {unknown}
 K - a potion of brilliance
 L - a potion of degeneration {unknown}
Books
 c - a book of Changes

   Spells                             Type                      Level
   a - Beastly Appendage              Transmutation                1
   b - Sticks to Snakes               Transmutation                2
   c - Spider Form                    Transmutation/Poison         3
   d - Ice Form                       Ice/Transmutation            4
   e - Blade Hands                    Transmutation                5
 g - a book of Battle

   Spells                             Type                      Level
   a - Infusion                       Charms                       1
   b - Shroud of Golubria             Charms/Translocation         2
   c - Song of Slaying                Charms                       2
   d - Spectral Weapon                Hexes/Charms                 3
   e - Regeneration                   Charms/Necromancy            3
Comestibles
 d - 6 bread rations
 s - 4 beef jerkies
 v - 2 royal jellies
 z - 4 meat rations
 C - 3 slices of pizza


   Skills:
 - Level 1.0 Fighting
 - Level 5.0 Dodging
 - Level 10.0 Unarmed Combat
 - Level 2.1 Spellcasting
 - Level 5.1 Transmutations
 - Level 5.1 Poison Magic
 + Level 1.6 Invocations


You had 2 spell levels left.
You knew the following spells:

 Your Spells              Type           Power        Failure   Level  Hunger
a - Spider Form           Trmt/Pois      ##........   28%         3    ####...
b - Blade Hands           Trmt           ##........   95%         5    ######.
c - Shroud of Golubria    Chrm/Tloc      #.........   61%         2    ###....


Dungeon Overview and Level Annotations

Branches:
Dungeon (8/15)             Temple (1/1) D:7
   Lair: D:8-11

Altars:
Ashenzari
Dithmenos
Elyvilon
Fedhas
Gozag
Kikubaaqudgha
Makhleb
Qazlal
Ru
Sif Muna
Trog
Vehumet
Xom
Zin
The Shining One

Shops:
D:5 =   D:7 ?


Innate Abilities, Weirdness & Mutations

((You have razor-sharp teeth.))
You heal very quickly.
When hurt, damage is shared between your health and your magic reserves.
((Your bite disrupts and absorbs the magic of your enemies.))
Potions and wands cannot restore your health.
You are immune to rotting.


Message History

The orc warrior is lightly wounded.
The orc warrior misses you.
You barely miss the orc warrior.
The orc warrior is moderately wounded.
The orc shouts!
The orc completely misses you. The orc warrior barely misses you.
You bite the orc warrior! Your bite misses the orc warrior.
The orc warrior is severely wounded.
The orc completely misses you.
You bite the orc warrior!
You bite the orc warrior, but do no damage.
The orc warrior is almost dead.
The orc warrior completely misses you.
You hit the orc warrior.
You bite the orc warrior, but do no damage.
The orc warrior is almost dead.
The orc hits you from afar with a trident!
* * * LOW HITPOINT WARNING * * *
The orc warrior hits you with an enchanted mace!!
You die...

#..........#
....
#....).....#
...
#..........#
..
#..........#
#.# $...
#####.######
#.# ....
#...### #.#
..... ###...#
#.# ...
###.#####.#...
#.soo##>#.#
####ooZ..%#
####...# #...#
....# #.##.#
#. .o y.


.or .. .o# You could see an orc warrior, 3 orcs and a wasp zombie.

Vanquished Creatures
  A hippogriff (D:7)
  Eustachio (D:6)
  Edmund (D:6)
  3 ice beasts
  An ogre (D:7)
  A phantom (D:4)
  A black bear (D:6)
  2 sky beasts
  A wasp (D:7)
  3 centaurs
  A crocodile (D:7)
  3 big kobolds
  3 giant frogs (D:6)
  2 scorpions (D:4)
  A killer bee (D:7)
  2 crimson imps
  A jelly (D:5)
  5 hounds
  Crazy Yiuf (D:5)
  2 centaur skeletons
  2 orc priests
  Ijyb (D:3)
  2 iguanas
  Jessica (D:2)
  A giant frog skeleton (D:3)
  Terence (D:2)
  3 worker ants
  A hound zombie (D:6)
  7 gnolls
  A shadow imp (D:5)
  12 adders
  An ooze (D:2)
  An adder zombie (D:5)
  6 worms
  An adder skeleton (D:5)
  3 giant geckos
  18 orcs
  A ball python (D:1)
  14 bats
  2 bat skeletons (D:6)
  A bat zombie (D:5)
  3 giant cockroaches
  14 goblins
  9 hobgoblins
  6 jackals
  13 kobolds
  2 quokkas (D:2)
  A giant gecko skeleton (D:5)
  4 giant newts
  A jackal skeleton (D:5)
  A quokka skeleton (D:4)
  16 rats
186 creatures vanquished.

Notes
Turn   | Place    | Note
--------------------------------------------------------------
     0 | D:1      | Raurakos the Vine Stalker Transmuter began the quest for the Orb.
     0 | D:1      | Reached XP level 1. HP: 9/9 MP: 4/4
   115 | D:1      | Reached XP level 2. HP: 14/14 MP: 6/6
   400 | D:1      | Reached skill level 4 in Unarmed Combat
   448 | D:1      | Reached XP level 3. HP: 17/17 MP: 7/7
  1047 | D:2      | Noticed Terence
  1058 | D:2      | Killed Terence
  1058 | D:2      | Reached XP level 4. HP: 21/21 MP: 8/8
  1109 | D:2      | Noticed Jessica
  1112 | D:2      | Killed Jessica
  1112 | D:2      | Reached skill level 5 in Unarmed Combat
  1121 | D:2      | Found a shadowy altar of Dithmenos.
  1383 | D:2      | Reached XP level 5. HP: 21/25 MP: 9/9
  1914 | D:3      | Noticed Ijyb
  1993 | D:3      | Killed Ijyb
  2074 | D:3      | Found a glowing golden altar of the Shining One.
  2092 | D:3      | Noticed an ice beast
  2098 | D:3      | Learned a level 3 spell: Spider Form
  2175 | D:3      | Reached skill level 6 in Unarmed Combat
  2671 | D:4      | Found a sacrificial altar of Ru.
  2680 | D:4      | Gained mutation: You heal very quickly. [Vine Stalker growth]
  2680 | D:4      | Reached XP level 6. HP: 24/29 MP: 7/10
  2768 | D:4      | Noticed a phantom
  2795 | D:4      | Killed a phantom
  2795 | D:4      | Reached skill level 7 in Unarmed Combat
  2900 | D:4      | Found a stormy altar of Qazlal.
  2986 | D:4      | Reached XP level 7. HP: 30/32 MP: 11/11
  3052 | D:4      | Noticed an ice beast
  3203 | D:4      | Reached skill level 8 in Unarmed Combat
  3241 | D:4      | Reached skill level 1 in Fighting
  3301 | D:5      | Entered Level 5 of the Dungeon
  3428 | D:5      | Found Rocs's Jewellery Boutique.
  3848 | D:5      | Noticed Crazy Yiuf
  3869 | D:5      | Killed Crazy Yiuf
  3869 | D:5      | Gained mutation: You have razor-sharp teeth. [Vine Stalker growth]
  3869 | D:5      | Reached XP level 8. HP: 30/37 MP: 9/12
  4074 | D:4      | Killed an ice beast
  4120 | D:3      | Killed an ice beast
  4231 | D:6      | Found an opulent altar of Gozag.
  4371 | D:6      | Reached skill level 5 in Dodging
  4435 | D:6      | Found a glowing silver altar of Zin.
  4873 | D:6      | Noticed Edmund
  4906 | D:6      | Killed Edmund
  4977 | D:6      | Reached XP level 9. HP: 27/41 MP: 11/13
  4999 | D:6      | Found a white marble altar of Elyvilon.
  5001 | D:6      | Noticed Eustachio
  5018 | D:6      | Killed Eustachio
  5313 | D:6      | Reached skill level 5 in Transmutations
  5395 | D:7      | Reached skill level 5 in Poison Magic
  5415 | D:7      | Found a shattered altar of Ashenzari.
  5712 | D:7      | Found a staircase to the Ecumenical Temple.
  5728 | Temple   | Entered the Ecumenical Temple
  5757 | Temple   | Became a worshipper of Makhleb the Destroyer
  5964 | D:7      | Found Igipheh's Magic Scroll Shoppe.
  5975 | D:7      | Bought a scroll of teleportation for 42 gold pieces
  5975 | D:7      | Bought a scroll of identify for 28 gold pieces
  5975 | D:7      | Bought a scroll of identify for 28 gold pieces
  5975 | D:7      | Bought a scroll of identify for 28 gold pieces
  5975 | D:7      | Bought a scroll of fog for 28 gold pieces
  5975 | D:7      | Bought a scroll of remove curse for 42 gold pieces
  5975 | D:7      | Bought a scroll of identify for 28 gold pieces
  6053 | D:7      | Learned a level 5 spell: Blade Hands
  6056 | D:7      | Learned a level 2 spell: Shroud of Golubria
  6232 | D:7      | Found a shimmering altar of Xom.
  6363 | D:7      | Reached skill level 9 in Unarmed Combat
  6626 | D:8      | Noticed an eight-headed hydra
  6668 | D:8      | Reached skill level 10 in Unarmed Combat
  6703 | D:8      | Reached skill level 1 in Invocations
  6715 | D:8      | Slain by an orc warrior

Vault maps used:
D:1:      eino_arrival_cavern_e
D:2:      nicolae_overflow_crystal_walls, grunt_ministairs_7, uniq_jessica,
          uniq_terence
D:3:      first_bread, minmay_misc_feat_x, tso_altar, uniq_iyjb
D:4:      kennysheep_mini, overflow_temple_1_default, minivault_24
D:5:      serial_shops, kennysheep_mini_moat, uniq_crazy_yiuf_cottage
D:6:      grunt_gozag_statues, lemuel_crystal_altar, old_standard_altar,
          uniq_edmund, uniq_eustachio
D:7:      tgw_xom, temple_pool_b, serial_shops, shop_scrolls,
          nicolae_ashenzari_panopticon
D:8:      minmay_cut_squares, kennysheep_little_box
Temple:   minmay_temple_bridge_a_8

Action                   |  1- 3 |  4- 6 |  7- 9 || total
-------------------------+-------+-------+-------++-------
Melee: Unarmed           |   125 |   152 |   415 ||   692
Throw: Stone             |       |    10 |    56 ||    66
 Cast: Spider Form       |       |       |    10 ||    10
       Shroud of Golubri |       |       |     2 ||     2
 Abil: Evoke Berserk Rag |     1 |       |       ||     1
  Use: Scroll            |     1 |     7 |     8 ||    16
 Stab: Sleeping          |       |       |     2 ||     2
  Eat: Chunk             |    10 |    13 |    27 ||    50
